 Dungeon Crawl Stone Soup version 0.13.0-6-g40e4d2d (webtiles) character file.

101264 HungrySpirit the Eclecticist (level 15, -5/82 HPs)
             Began as a Deep Elf Fire Elementalist on Oct 14, 2013.
             Was the Champion of Vehumet.
             Slain by an orc warrior
             ... wielding a -1,+2 orcish trident
             ... led by Saint Roka
              (7 damage)
             ... on Level 17 of the Dungeon.
             The game lasted 03:37:50 (45390 turns).

HungrySpirit the Eclecticist (DEFE)                Turns: 45390, Time: 03:37:51

HP  -5/82        AC 10     Str  6      XL: 15   Next: 80%
MP  39/39        EV 17     Int 26      God: Vehumet [******]
Gold 824         SH  0     Dex 17      Spells:  9 memorised, 17 levels left

Res.Fire  : + . .   See Invis. : .   v - staff of energy
Res.Cold  : . . .   Warding    : .   a - +0 elf robe
Life Prot.: + . .   Conserve   : .   (no shield)
Res.Poison: +       Res.Corr.  : .   F - +1 spiked helmet
Res.Elec. : .       Clarity    : .   g - +2 cloak {rPois}
Sust.Abil.: . .     Spirit.Shd : .   (no gloves)
Res.Mut.  : +       Stasis     : .   h - +2 pair of boots of a sewer {rN+ Dex+2}
Res.Rott. : .       Flight     : .   y - amulet of resist mutation
Saprovore : . . .                    k - ring of fire
                                     D - ring of protection from cold

@: delayed fireball, quite resistant to hostile enchantments, very stealthy
A: no striking features
a: Renounce Religion, Release Delayed Fireball


You were on level 17 of the Dungeon.
You worshipped Vehumet.
Vehumet was exalted by your worship.
You were not hungry.

You visited 4 branches of the dungeon, and saw 30 of its levels.
You visited 1 bazaar.

You collected 2982 gold pieces.
You spent 2178 gold pieces at shops.

Inventory:

Armour
 a - a +0 elven robe (worn)
 g - a +2 cloak of poison resistance (worn)
 h - the +2 pair of boots of a sewer (worn) {rN+ Dex+2}
   (You found it on level 14 of the Dungeon)

   It affects your dexterity (+2).
   It protects you from negative energy.
 F - a +1 spiked helmet (worn)
Magical devices
 A - a wand of disintegration (13)
Comestibles
 b - a pear
 c - 10 bread rations
 z - a meat ration
Scrolls
 e - 4 scrolls of identify
 i - 7 scrolls of remove curse
 j - a scroll of holy word
 m - 2 scrolls of blinking
 n - 2 scrolls of enchant weapon II
 p - 4 scrolls of enchant armour
 r - 5 scrolls of teleportation
 t - a scroll of summoning
 u - 3 scrolls of amnesia
 w - a scroll of silence
 E - 3 scrolls of fear
Jewellery
 k - a ring of fire (right hand)
 l - a +5 ring of evasion
 s - an uncursed ring of positive energy
 x - an uncursed ring of wizardry
 y - an amulet of resist mutation (around neck)
 B - the ring of Plog {Dex+3 Int+1 Acc+5 Dam+4}
   (You found it on level 6 of the Lair of Beasts)

   [ring of slaying]

   It affects your accuracy (+5).
   It affects your damage-dealing abilities (+4).
   It affects your intelligence (+1).
   It affects your dexterity (+3).
 D - a ring of protection from cold (left hand)
Potions
 d - 5 potions of brilliance
 o - 12 potions of curing
 q - 4 potions of heal wounds
Books
 f - a book of Enchantments

   Spells                             Type                      Level
   Cause Fear                         Hexes                        4
   Silence                            Hexes/Air                    5
   Tukima's Dance                     Hexes                        5
   Deflect Missiles                   Charms/Air                   6
   Haste                              Charms                       6
   Discord                            Hexes                        8
Magical staves
 v - an uncursed staff of energy (weapon)


   Skills:
 - Level 7.0 Fighting
 - Level 7.3 Dodging
 - Level 10.0 Stealth
 - Level 17.0 Spellcasting
 + Level 15.9 Conjurations
 - Level 6.0 Charms
 - Level 4.0 Translocations
 + Level 16.0 Fire Magic


You had 17 spell levels left.
You knew the following spells:

 Your Spells              Type           Power        Failure   Level  Hunger
a - Flame Tongue          Conj/Fire      #####        0%          1    None
b - Conjure Flame         Conj/Fire      ########     0%          3    None
c - Fireball              Conj/Fire      ########..   1%          5    None
d - Shock                 Conj/Air       ####         1%          1    None
e - Blink                 Tloc           N/A          1%          2    None
f - Repel Missiles        Chrm/Air       #####.....   1%          2    None
g - Delayed Fireball      Conj/Fire      N/A          1%          7    None
h - Fire Storm            Conj/Fire      ########..   80%         9    None
q - Iron Shot             Conj/Erth      ######....   4%          6    None


Dungeon Overview and Level Annotations

Branches:
Dungeon (17/27)            Temple (1/1) D:7             Orc (4/4) D:10
    Elf (0/3) Orc:3          Lair (8/8) D:13         Shoals (0/5) Lair:4
  Snake (0/5) Lair:5        Slime (0/6) Lair:6       Vaults (0/5) D:16

Altars:
Elyvilon
Fedhas
Kikubaaqudgha
Makhleb
Nemelex Xobeh
Okawaru
Vehumet
Xom
Zin
Beogh

Shops:
D:4 (   D:7 +*   D:14 /   D:15 }=[   Orc:1 *   Orc:2 ![!   Orc:3 !   Orc:4 }%?}

Annotations:
D:2 1 exclusion, Crazy Yiuf
D:7 exclusion: downstairs
D:11 Nessos
D:17 Saint Roka
Orc:2 Joseph, Urug
Lair:3 exclusion: oklob plant


Message History

The orc warrior shouts!
The slime creature quivers.
The troll shouts!
The orc warrior shouts!
The slime creature quivers.
The orc shouts!
The orc warrior misses you.
Something hits the plant.
Saint Roka roars a battle-cry!
The orcs go into a battle-frenzy!
Saint Roka invokes the aid of Beogh against you.
Something smites you!
The orc warrior hits you with a glowing orcish mace!
The orc knight throws an orcish dagger.
The orcish dagger hits you!
A slime creature comes into view.
There is a stone staircase leading up here.
You see here an orcish dagger.
Unknown command.
The orc warrior hits you with an orcish glaive!
* * * LOW HITPOINT WARNING * * *
The orc warrior hits you from afar with an orcish trident!
You die...

.## ...../#
.......#
#...o.%.#
#...[)o.#
##.ooT.).#
......%o.#
.......o..#
#.....@o#
#####o###
%..


P.JJo ≈P.P... P≈PJ.. ♣♣JPP ♣♣≈P P You could see Saint Roka, an orc knight
(frenzied), 4 slime creatures, a troll, 4 orc warriors and 3 orcs.

Vanquished Creatures
  A minotaur (shapeshifter) (D:13)
  Fannar (Orc:2)
  An ogre mage (D:15)
  8 hydras
  18 death yaks (Lair:8)
  An orc high priest (Orc:4)
  4 catoblepae (Lair:8)
  The ghost of Illaniel the Slasher, an experienced HESk of Okawaru (Lair:1)
  2 centaur warriors
  Nergalle (Lair:1)
  An unseen horror (D:16)
  3 skeletal warriors (D:11)
  7 hill giants
  6 orc sorcerers
  An orc knight (D:16)
  6 cyclopes
  7 griffons
  18 elephants (Lair:8)
  Maurice (D:9)
  2 black mambas
  12 spiny frogs
  Psyche (Orc:1)
  A queen ant (Lair:3)
  An efreet (D:15)
  2 fire drakes (Lair:6)
  11 trolls
  A jumping spider (shapeshifter) (D:13)
  A queen bee (D:13)
  7 komodo dragons
  Sonja (D:11)
  Prince Ribbit (Orc:1)
  A stone giant simulacrum (D:15)
  17 blink frogs
  3 two-headed ogres
  9 slime creatures
  2 boulder beetles
  55 yaks
  3 basilisks
  2 wyverns
  2 shadows
  4 vampire mosquitoes
  3 wraiths
  Eustachio (Orc:1)
  A hungry ghost (D:15)
  15 ugly things
  2 clay golems
  Grum (D:11)
  A steam dragon (Lair:4)
  A hill giant skeleton (D:16)
  4 hill giant zombies
  6 manticores
  11 hippogriffs
  A rock worm (D:15)
  Edmund (D:5)
  7 soldier ants
  12 wolves
  A mottled dragon (shapeshifter) (D:15)
  3 mottled dragons
  3 necrophages
  27 orc warriors
  6 porcupines
  19 ogres
  A black bear (D:13)
  20 centaurs
  3 ice beasts
  3 sky beasts
  5 giant goldfish (D:9)
  5 nagas (Lair:5)
  A boring beetle (Lair:7)
  5 wargs
  Duvessa (Orc:1)
  5 big kobolds
  16 crocodiles
  3 giant slugs
  25 giant frogs
  2 brain worms (D:16)
  A komodo dragon zombie (D:15)
  Blork the orc (Orc:1)
  16 water moccasins
  A cyclops zombie (D:12)
  8 agate snails
  A manticore zombie (D:7)
  A manticore skeleton (D:8)
  23 killer bees
  2 yak zombies
  A hippogriff zombie (D:12)
  A yak skeleton (D:14)
  2 eyes of draining
  6 electric eels (D:9)
  5 wights (D:11)
  Dowan (Orc:1)
  8 crimson imps
  2 jellyfish (D:9)
  A gnoll shaman (D:6)
  2 giant frog zombies
  5 goliath beetles
  8 jellies
  12 hounds
  5 orange rats (Lair:4)
  33 worker ants
  A giant frog skeleton (D:5)
  33 orc priests
  4 scorpions
  12 iguanas
  A quasit (Orc:1)
  38 orc wizards
  23 sheep
  A big kobold zombie (D:15)
  A mottled dragon zombie (D:13)
  A sky beast zombie (D:6)
  A mummy (D:15)
  13 gnolls
  76 green rats
  2 giant centipedes
  An inept item mimic (D:5)
  A white imp (Orc:1)
  23 adders
  6 giant mites
  A goliath beetle zombie (D:5)
  A shadow imp (Orc:1)
  7 worms
  An ufetubus (Orc:1)
  2 adder zombies
  An iguana skeleton (D:6)
  2 giant eyeballs
  13 giant geckos
  3 oozes
  192 orcs
  A ball python (D:2)
  16 bats
  A bat zombie (D:8)
  3 giant cockroaches
  26 hobgoblins
  28 jackals
  4 giant newts
  A giant newt zombie (D:5)
  22 goblins
  22 kobolds
  2 orc skeletons (D:7)
  13 quokkas
  A quokka skeleton (D:8)
  20 rats
  13 bushes
  13 fungi
  17 plants
1258 creatures vanquished.

Vanquished Creatures (collateral kills)
  An iguana (Lair:4)
  An orange rat (Lair:4)
2 creatures vanquished.

Vanquished Creatures (others)
  A giant slug (Lair:6)
  2 bats
  20 fungi
  10 plants
33 creatures vanquished.

Grand Total: 1293 creatures vanquished

Notes
Turn   | Place    | Note
--------------------------------------------------------------
     0 | D:1      | HungrySpirit, the Deep Elf Fire Elementalist, began the quest for the Orb.
     0 | D:1      | Reached XP level 1. HP: 10/10 MP: 4/4
    80 | D:1      | Reached XP level 2. HP: 10/15 MP: 1/7
   715 | D:2      | Noticed an angel
   736 | D:2      | Found a shimmering altar of Xom.
   737 | D:2      | Found a glowing silver altar of Zin.
   954 | D:2      | Reached XP level 3. HP: 15/19 MP: 8/10
  1132 | D:2      | Learned a level 3 spell: Conjure Flame
  1182 | D:2      | Noticed Crazy Yiuf
  1335 | D:2      | Reached skill level 4 in Spellcasting
  1983 | D:3      | Reached XP level 4. HP: 24/24 MP: 11/14
  2501 | D:3      | Found a shimmering altar of Xom.
  2616 | D:4      | Found Causuclah's Weapon Shop.
  2772 | D:4      | Reached XP level 5. HP: 28/28 MP: 1/17
  2877 | D:4      | Identified a +0 rod of warding (13/13) (You found it on level 4 of the Dungeon)
  3345 | D:4      | Learned a level 5 spell: Fireball
  3372 | D:4      | Reached XP level 6. HP: 32/32 MP: 12/19
  3384 | D:4      | Found a blossoming altar of Fedhas.
  3521 | D:4      | Reached skill level 5 in Fire Magic
  3645 | D:4      | Reached skill level 5 in Conjurations
  4027 | D:5      | Entered Level 5 of the Dungeon
  4276 | D:5      | Reached XP level 7. HP: 36/36 MP: 12/21
  4472 | D:5      | Reached skill level 6 in Fire Magic
  4713 | D:5      | Found an iron altar of Okawaru.
  4765 | D:5      | Reached skill level 7 in Fire Magic
  5000 | D:5      | Found a radiant altar of Vehumet.
  5000 | D:5      | Found a white marble altar of Elyvilon.
  5004 | D:5      | Became a worshipper of Vehumet
  5024 | D:5      | Noticed Edmund
  5039 | D:5      | Killed Edmund
  5039 | D:5      | Reached skill level 8 in Fire Magic
  5039 | D:5      | Reached XP level 8. HP: 41/41 MP: 10/22
  5907 | D:6      | Reached skill level 9 in Fire Magic
  6170 | D:6      | Paralysed by a giant eyeball for 4 turns
  6258 | D:6      | Found a sparkling altar of Nemelex Xobeh.
  6351 | D:6      | Reached skill level 1 in Fighting
  6399 | D:6      | Reached skill level 5 in Spellcasting
  6890 | D:7      | Found a staircase to the Ecumenical Temple.
  6900 | Temple   | Entered the Ecumenical Temple
  7056 | D:7      | Acquired Vehumet's first power
  7056 | D:7      | Offered knowledge of Shock by Vehumet.
  7189 | D:7      | Found Imounaoh's Book Boutique.
  7609 | D:7      | Found an ancient bone altar of Kikubaaqudgha.
  7653 | D:7      | Found Kogony's Serpentskin Sales.
  7707 | D:7      | Learned a level 1 spell: Shock
  7712 | D:7      | Reached XP level 9. HP: 47/47 MP: 22/26
  8300 | D:8      | Offered knowledge of Searing Ray by Vehumet.
  8870 | D:8      | Noticed a hill giant
  9512 | D:9      | Reached skill level 5 in Fighting
  9629 | D:9      | Offered knowledge of Dazzling Spray by Vehumet.
  9869 | D:9      | Reached XP level 10. HP: 55/55 MP: 16/28
 10020 | D:9      | Acquired Vehumet's second power
 10253 | D:9      | Reached skill level 10 in Conjurations
 10261 | D:9      | Reached skill level 10 in Fire Magic
 10567 | D:9      | Noticed Maurice
 10570 | D:9      | Killed Maurice
 10571 | D:9      | Offered knowledge of Static Discharge by Vehumet.
 11127 | D:10     | Entered Level 10 of the Dungeon
 11150 | D:10     | Noticed a hill giant
 11154 | D:10     | Killed a hill giant
 11508 | D:10     | Reached skill level 11 in Fire Magic
 11944 | D:10     | Acquired Vehumet's third power
 12169 | D:10     | Offered knowledge of Lightning Bolt by Vehumet.
 12275 | D:10     | Found a staircase to the Orcish Mines.
 12329 | D:10     | Identified a scroll of acquirement
 12839 | D:11     | Noticed Grum
 12841 | D:11     | Reached skill level 10 in Spellcasting
 12842 | D:11     | Killed Grum
 12856 | D:11     | Reached XP level 11. HP: 55/59 MP: 16/31
 13126 | D:11     | Noticed Nessos
 13131 | D:11     | Gained mutation: You are dopey. (Int -2) [potion of mutation]
 13131 | D:11     | Gained mutation: You are agile. (Dex +2) [potion of mutation]
 13131 | D:11     | Gained mutation: You can spit poison. [potion of mutation]
 13404 | D:11     | Noticed a hill giant
 13713 | D:11     | Noticed Sonja
 13715 | D:11     | Killed Sonja
 13859 | D:11     | Paralysed by you for 3 turns
 14117 | D:11     | Offered knowledge of Lee's Rapid Deconstruction by Vehumet.
 14288 | D:11     | Killed a hill giant
 15025 | D:12     | Noticed a hill giant
 15030 | D:12     | Killed a hill giant
 15231 | D:12     | Reached skill level 12 in Fire Magic
 15672 | D:7      | Bought a book of Minor Magic for 240 gold pieces
 15676 | D:7      | Learned a level 2 spell: Blink
 15679 | D:7      | Learned a level 2 spell: Repel Missiles
 16567 | D:13     | Noticed a centaur warrior
 16574 | D:13     | Killed a centaur warrior
 16684 | D:13     | Found a flickering gateway to a bazaar.
 16690 | Bazaar   | Entered a bazaar
 16690 | Bazaar   | Found Kleut's Magic Scroll Boutique.
 16703 | Bazaar   | Found Kamoab's Magical Wand Shoppe.
 16715 | Bazaar   | Found Rizoma's Antique Weapon Boutique.
 16726 | Bazaar   | Found Annusapra's Antique Armour Emporium.
 16730 | Bazaar   | Found Thang's General Store.
 16747 | Bazaar   | Bought a scroll of teleportation for 45 gold pieces
 16747 | Bazaar   | Bought a scroll of teleportation for 45 gold pieces
 16759 | Bazaar   | Bought a scroll of teleportation for 39 gold pieces
 16759 | Bazaar   | Bought a scroll of teleportation for 39 gold pieces
 17036 | D:13     | Found a staircase to the Lair.
 17635 | D:13     | Reached XP level 12. HP: 64/64 MP: 25/33
 17639 | D:13     | Reached skill level 13 in Fire Magic
 17746 | D:13     | Noticed a minotaur
 17746 | D:13     | an alligator changed into a minotaur
 17750 | D:13     | Killed a minotaur
 17848 | D:13     | Paralysed by a potion of paralysis for 7 turns
 18537 | D:13     | Offered knowledge of Conjure Ball Lightning by Vehumet.
 19380 | Lair:1   | Entered Level 1 of the Lair of Beasts
 19387 | Lair:1   | Reached skill level 14 in Fire Magic
 19603 | Lair:1   | Waterpls: добрый вечер
 19610 | Lair:1   | Noticed Illaniel's ghost (experienced HESk)
 19756 | Lair:1   | HungrySpirit: привет
 19762 | Lair:1   | Killed Illaniel's ghost
 19889 | Lair:1   | Noticed a four-headed hydra
 19919 | Lair:1   | Killed a four-headed hydra
 20027 | Lair:1   | Waterpls: если поммрешь этим, оставь мне DE
 20027 | Lair:1   | HungrySpirit: окай
 20027 | Lair:1   | Waterpls: я хочу им сделать зиг 27 и выиграть
 20027 | Lair:1   | HungrySpirit: Я де завел посмотреть как оно =)
 20027 | Lair:1   | HungrySpirit: я в магов не очень умею
 20043 | Lair:1   | Noticed an eight-headed hydra
 20045 | Lair:1   | Killed an eight-headed hydra
 20208 | Lair:1   | Waterpls: я наоборот только магами и стабберами выигрывал
 20220 | Lair:1   | HungrySpirit: сприганов моих тоже вечно что-не выпиливает =\
 20220 | Lair:1   | HungrySpirit: максимум до эльф-3 доходил и там меня убил мастер арчер
 20570 | Lair:1   | Noticed Nergalle
 20576 | Lair:1   | Killed Nergalle
 20806 | Lair:1   | Offered knowledge of Poisonous Cloud by Vehumet.
 20806 | Lair:1   | Waterpls: я сегодня тоже в эльфах 3 отдался
 20806 | Lair:1   | Reached XP level 13. HP: 72/72 MP: 12/34
 23675 | Lair:3   | Reached skill level 15 in Fire Magic
 24088 | Lair:3   | Reached skill level 1 in Translocations
 24095 | Lair:3   | Offered knowledge of Bolt of Draining by Vehumet.
 25302 | Lair:3   | Reached skill level 15 in Conjurations
 25925 | Lair:4   | Reached skill level 1 in Charms
 26037 | Lair:4   | Found a staircase to the Shoals.
 26229 | Lair:4   | Offered knowledge of Bolt of Fire by Vehumet.
 27032 | Lair:5   | Found a staircase to the Snake Pit.
 28237 | Lair:6   | Reached skill level 5 in Dodging
 28699 | Lair:6   | Found a staircase to the Slime Pits.
 28802 | Lair:6   | Offered knowledge of Delayed Fireball by Vehumet.
 28970 | Lair:6   | Learned a level 7 spell: Delayed Fireball
 29032 | Lair:6   | Upgraded the game from 0.13.0-5-g7e31f0a to 0.13.0-6-g40e4d2d
 29137 | Lair:6   | Got a brightly glowing lead ring
 29139 | Lair:6   | Identified the ring of Plog {Dex+3 Int+1 Acc+5 Dam+4} (You found it on level 6 of the Lair of Beasts)
 30936 | Lair:7   | Reached XP level 14. HP: 77/77 MP: 27/36
 30981 | Lair:8   | Entered Level 8 of the Lair of Beasts
 32957 | Lair:8   | Reached skill level 15 in Spellcasting
 33721 | Lair:8   | Reached skill level 5 in Stealth
 34330 | Lair:8   | Offered knowledge of Iron Shot by Vehumet.
 34565 | Lair:8   | Reached skill level 16 in Spellcasting
 35748 | Lair:8   | Reached XP level 15. HP: 82/82 MP: 16/39
 36592 | D:11     | Noticed a skeletal warrior
 36594 | D:11     | Noticed a skeletal warrior
 36597 | D:11     | Noticed a skeletal warrior
 36605 | D:11     | Killed a skeletal warrior
 36606 | D:11     | Killed a skeletal warrior
 36606 | D:11     | Reached skill level 17 in Spellcasting
 36804 | D:11     | Noticed a skeletal warrior
 36810 | D:11     | Killed a skeletal warrior
 36993 | D:10     | Noticed a hill giant
 36996 | D:10     | Killed a hill giant
 37079 | Orc:1    | Entered Level 1 of the Orcish Mines
 37079 | Orc:1    | Noticed Prince Ribbit
 37083 | Orc:1    | Killed Prince Ribbit
 37311 | Orc:1    | Noticed Eustachio
 37318 | Orc:1    | Killed Eustachio
 37385 | Orc:1    | Learned a level 6 spell: Iron Shot
 37645 | Orc:2    | Found Shramni's Armour Emporium.
 37690 | Orc:2    | Found Sofueh Takecs' Distillery.
 37696 | Orc:2    | Reached skill level 10 in Stealth
 37777 | Orc:2    | Bought a potion of cure mutation for 420 gold pieces
 37778 | Orc:2    | Lost mutation: You can spit poison. [potion of cure mutation]
 37778 | Orc:2    | Lost mutation: You are agile. (Dex +2) [potion of cure mutation]
 37778 | Orc:2    | Lost mutation: You are dopey. (Int -2) [potion of cure mutation]
 37815 | Orc:2    | Found Baidwed's Distillery.
 37898 | Orc:2    | Noticed Fannar
 37901 | Orc:2    | Killed Fannar
 37990 | Orc:2    | Offered knowledge of Lehudib's Crystal Spear by Vehumet.
 37990 | Orc:2    | Offered knowledge of Fire Storm by Vehumet.
 37990 | Orc:2    | Offered knowledge of Tornado by Vehumet.
 38001 | Orc:2    | Learned a level 9 spell: Fire Storm
 38202 | Orc:1    | Found a roughly hewn altar of Beogh.
 38202 | Orc:1    | Noticed Duvessa
 38202 | Orc:1    | Noticed Dowan
 38204 | Orc:1    | Noticed Psyche
 38205 | Orc:1    | Noticed Blork the orc
 38362 | Orc:1    | Killed Psyche
 38363 | Orc:1    | Killed Blork the orc
 38364 | Orc:1    | Killed Duvessa
 38365 | Orc:1    | Killed Dowan
 38593 | Orc:1    | Found Gahiewif's Assorted Antiques.
 39088 | Orc:3    | Found a staircase to the Elven Halls.
 39398 | Orc:3    | Found Grieheathres' Distillery.
 39457 | Orc:2    | Noticed Joseph
 39457 | Orc:2    | Noticed Urug
 39594 | Orc:4    | Entered Level 4 of the Orcish Mines
 39791 | Orc:4    | Found a burning altar of Makhleb.
 39941 | Orc:4    | Found a white marble altar of Elyvilon.
 40253 | Orc:4    | Reached skill level 5 in Charms
 40744 | Orc:4    | Found Othuyquo's Magic Scroll Shop.
 40750 | Orc:4    | Found Uhuamm's Gadget Boutique.
 40762 | Orc:4    | Found Toirax's Gadget Shop.
 40764 | Orc:4    | Found Kefal's Food Boutique.
 41044 | D:14     | Entered Level 14 of the Dungeon
 41322 | D:14     | Found Sheguita's Magical Wand Emporium.
 42106 | D:14     | Got a pair of faintly glowing boots
 42109 | D:14     | Identified the +2 pair of boots of a sewer {rN+ Dex+2} (You found it on level 14 of the Dungeon)
 42417 | D:15     | Entered Level 15 of the Dungeon
 42700 | D:15     | Found Fankiro's Antique Armour Shop.
 43297 | D:15     | Found Grolageh's Jewellery Shoppe.
 43304 | D:15     | Bought an uncursed ring of fire for 300 gold pieces
 43304 | D:15     | Bought an uncursed ring of wizardry for 450 gold pieces
 43304 | D:15     | Bought an uncursed amulet of resist mutation for 600 gold pieces
 43473 | D:15     | Found Kliawot's Gadget Boutique.
 43862 | D:17     | Noticed Saint Roka
 44128 | D:16     | Found a staircase to the Vaults.
 45390 | D:17     | HP: 2/82 [orc warrior/orcish glaive[Saint Roka] (40)]
 45390 | D:17     | Slain by an orc warrior

Action                   |  1- 3 |  4- 6 |  7- 9 | 10-12 | 13-15 || total
-------------------------+-------+-------+-------+-------+-------++-------
Melee: Unarmed           |     2 |       |       |       |       ||     2
       Short sword       |    21 |       |       |       |       ||    21
       Staff             |       |    19 |    33 |     5 |    34 ||    91
       Trident           |       |       |     5 |       |       ||     5
 Cast: Flame Tongue      |    62 |   128 |   332 |   556 |   609 ||  1687
       Conjure Flame     |     1 |    10 |    33 |    39 |     5 ||    88
       Shock             |       |       |    57 |   160 |   413 ||   630
       Fireball          |       |       |     6 |   208 |   641 ||   855
       Blink             |       |       |       |     1 |     3 ||     4
       Repel Missiles    |       |       |       |     1 |       ||     1
       Delayed Fireball  |       |       |       |       |    25 ||    25
       Iron Shot         |       |       |       |       |     9 ||     9
 Abil: Release Delayed F |       |       |       |       |    24 ||    24
Evoke: Rod               |       |       |     1 |     2 |       ||     3
       Wand              |       |       |     1 |     4 |     6 ||    11
       Miscellaneous     |       |       |       |       |     2 ||     2
  Use: Scroll            |       |    10 |     9 |    16 |    15 ||    50
       Potion            |       |       |     1 |    11 |     4 ||    16
 Stab: Sleeping          |       |       |     1 |       |     1 ||     2
       Distracted        |       |       |       |     1 |       ||     1
